 Dungeon Crawl Stone Soup version 0.19.0-20-gbc5f0c6 (webtiles) character file.

910 RaHiT the Basher (level 8, 0/56 HPs)
             Began as a Human Wanderer on Nov 16, 2016.
             Succumbed to a gnoll sergeant's poison
             ... on level 5 of the Dungeon.
             The game lasted 00:32:21 (4775 turns).

RaHiT the Basher (Human Wanderer)                   Turns: 4775, Time: 00:32:22

Health: 0/56       AC: 16    Str: 16    XL:     8   Next: 30%
Magic:  8/8        EV: 14    Int: 14    God:
Gold:   237        SH:  0    Dex: 10    Spells: 0 memorised, 7 levels left

rFire  . . .     SeeInvis .     v - +1 mace
rCold  . . .     Gourm    .     a - +2 scale mail
rNeg   . . .     Faith    .     (no shield)
rPois  .         Spirit   .     (no helmet)
rElec  .         Reflect  .     o - +0 cloak
rCorr  .         Harm     +     (no gloves)
MR     .....                    r - +0 pair of boots
Stlth  ..........               j - amulet of harm
                                n - +5 ring of protection
                                f - +4 ring of evasion

@: lethally poisoned (0 -> -6), exhausted, flying, very slightly contaminated,
slowed, invisible, very slow
A: no striking features
a: no special abilities


You were on level 5 of the Dungeon.
You were not hungry.

You visited 1 branch of the dungeon, and saw 6 of its levels.

You collected 237 gold pieces.

Inventory:

Hand Weapons
 b - a +0 spear
 s - a cursed +0 spear
 v - a +1 mace (weapon)
Missiles
 e - 26 bolts
 g - 103 stones
 k - 39 arrows
 y - 26 sling bullets
 E - 5 javelins (quivered)
Armour
 a - a +2 scale mail (worn)
 o - a +0 cloak (worn)
 r - a +0 pair of boots (worn)
Jewellery
 f - a +4 ring of evasion (left hand)
 i - an uncursed amulet of magic regeneration
 j - an amulet of harm (around neck)
 n - a +5 ring of protection (right hand)
 G - an uncursed ring of flight {unknown}
Wands
 p - a wand of polymorph (24/24)
Scrolls
 c - 2 scrolls of teleportation
 h - 2 scrolls of fear
 q - a scroll of amnesia {unknown}
 A - 2 scrolls of recharging
 C - a scroll of remove curse
Potions
 l - 2 potions of mutation
 u - 3 potions of flight
Books
 w - a book of Changes

   Spells                             Type                      Level
   a - Beastly Appendage              Transmutation                1
   b - Sticks to Snakes               Transmutation                2
   c - Spider Form                    Transmutation/Poison         3
   d - Ice Form                       Ice/Transmutation            4
   e - Blade Hands                    Transmutation                5
Comestibles
 d - 4 bread rations
 m - 4 meat rations
 z - 2 beef jerkies
 B - 6 chunks of flesh


   Skills:
 - Level 2.1 Fighting
 - Level 8.0 Maces & Flails
 - Level 2.0 Throwing
 * Level 3.6 Armour
 - Level 2.0 Dodging
 - Level 1.0 Stealth
 - Level 2.0 Unarmed Combat


You had 7 spell levels left.
You didn't know any spells.

Dungeon Overview and Level Annotations

Branches:
Dungeon (6/15)
 Temple: D:4-7

Altars:
Ru


Message History

You catch the helpless gnoll completely off-guard!
You bludgeon the gnoll!!
You kill the gnoll!
* * * LOW HITPOINT WARNING * * *
You feel sick.
A gnoll comes into view. It is wielding a spear.
You feel a strong urge to attack something.
* * * LOW HITPOINT WARNING * * *
You feel sick.
The gnoll shouts!
Things that are here:
a spear of venom; a ring mail
Items here: )) †† a club; a halberd; a gnoll corpse x2
Butcher a gnoll corpse? [(y)es/(c)hoosy/(n)o/(a)ll/(e)dible/(q)uit/?]
You butcher the gnoll corpse.
You feel your anger subside.
You are no longer berserk.
You are exhausted.
You stop butchering the corpse.
You feel yourself slow down.
You die...

############
#######..........#
#>)..............'
#@#####.g........# #.#
#..........#
#.#####..........#
..#####.................
..............##########
.........)....#
.........)....#
..............##### ##
.........))........ ..


There were no monsters in sight!

Vanquished Creatures
  Eustachio (D:4)
  An orc warrior (D:5)
  An ogre (D:4)
  A gnoll sergeant (D:5)
  2 howler monkeys
  An orc priest (D:3)
  A hound (D:5)
  A bullfrog skeleton (D:3)
  An orc wizard (D:5)
  3 worker ants
  7 gnolls
  6 adders
  An ooze (D:3)
  3 adder skeletons (D:4)
  5 worms
  5 dart slugs
  6 leopard geckos
  11 orcs
  3 ball pythons
  3 giant cockroaches
  12 goblins
  13 hobgoblins
  7 quokkas
  3 bats (D:2)
  5 frilled lizards
  6 kobolds
  5 rats
114 creatures vanquished.

Notes
Turn   | Place    | Note
-------+----------+-------------------------------------------
     0 | D:1      | RaHiT the Human Wanderer began the quest for the Orb.
     0 | D:1      | RaHiT set off with: a +2 scale mail, a +0 spear, a scroll of teleportation, a bread ration
     0 | D:1      | Reached XP level 1. HP: 16/16 MP: 1/1
    15 | D:1      | Noticed an iguana
    15 | D:1      | Noticed a salamander
    15 | D:1      | Noticed a swamp drake
    15 | D:1      | Noticed a killer bee
    64 | D:1      | Reached skill level 1 in Maces & Flails
   128 | D:1      | Reached XP level 2. HP: 22/22 MP: 2/2
   265 | D:1      | Reached skill level 2 in Maces & Flails
   326 | D:1      | Reached XP level 3. HP: 23/27 MP: 3/3
   849 | D:2      | Reached skill level 3 in Maces & Flails
   891 | D:2      | Reached XP level 4. HP: 33/33 MP: 4/4
  1309 | D:2      | Reached skill level 4 in Maces & Flails
  1431 | D:2      | Reached XP level 5. HP: 33/38 MP: 5/5
  2419 | D:3      | Reached skill level 5 in Maces & Flails
  2419 | D:3      | Reached XP level 6. HP: 37/44 MP: 6/6
  3238 | D:4      | Noticed an ogre
  3246 | D:4      | Killed an ogre
  3246 | D:4      | Reached skill level 6 in Maces & Flails
  3246 | D:4      | Reached XP level 7. HP: 8/50 MP: 7/7
  3660 | D:4      | Noticed Eustachio
  4053 | D:4      | Killed Eustachio
  4053 | D:4      | Reached skill level 7 in Maces & Flails
  4278 | D:5      | Entered Level 5 of the Dungeon
  4359 | D:5      | Found a sacrificial altar of Ru.
  4474 | D:5      | Reached skill level 8 in Maces & Flails
  4608 | D:5      | Reached XP level 8. HP: 47/56 MP: 8/8
  4769 | D:5      | HP: 2/56 [poisoned by a gnoll sergeant]
  4775 | D:5      | Succumbed to a gnoll sergeant's poison

Skill      XL: |  1  2  3  4  5  6  7  8 |
---------------+-------------------------+-----
Maces & Flails | 1 2 3 4 5 6 8 |  8.0
Armour         | 2 3 |  3.6
Fighting       | |  2.1
Throwing       | |  2.0
Dodging        | |  2.0
Stealth        | |  1.0
Unarmed Combat | |  2.0

Action                   |  1- 3 |  4- 6 |  7- 9 || total
-------------------------+-------+-------+-------++-------
Melee: Spear             |   125 |   121 |       ||   246
       Hand axe          |       |   277 |       ||   277
       Mace              |       |     7 |   171 ||   178
       Punch             |       |     1 |     1 ||     2
Throw: Stone             |    23 |    27 |     2 ||    52
       Javelin           |       |       |     5 ||     5
  Use: Scroll            |       |     7 |       ||     7
       Potion            |       |       |     5 ||     5
 Stab: Invisible         |       |       |     1 ||     1
  Eat: Chunk             |       |     9 |     5 ||    14
Armor: Scale mail        |    34 |   154 |    59 ||   247
Dodge: Dodged            |    71 |   254 |   120 ||   445
